Map: King's Cove LE

Players

DarwinAwdWnr - Winner!

  • Race: Zerg Zerg
  • League: Platinum
  • Spawn Location: 11:00

NeVeRmInDeR

  • Race: Protoss Protoss
  • League: Diamond
  • Spawn Location: 5:00

VOD

Have the link to the VOD?

Description

Time

  • Played on: June 14, 2019, 11:46 p.m.
  • Length: 8:52
Show
View Real Time Build Order
Export as new Build Order

DarwinAwdWnr Zerg - Winner!

Build Orders: Hatch First 

Get SALT Encoding   

  12  0:01  Drone  
  13  0:15  Drone  
  13  0:17  Overlord  
  14  0:36  Drone  
  14  0:37  Drone  
  16  0:55  Hatchery  
  15  1:01  Drone x3  
  18  1:05  Extractor  
  17  1:20  Spawning Pool  
  16  1:29  Drone  
  16  1:30  Drone  
  18  1:49  Drone x2  
  20  1:55  Overlord  
  20  2:07  Metabolic Boost  
  20  2:09  Queen  
  20  2:15  Queen  
  24  2:17  Drone  
  24  2:20  Drone  
  26  2:26  Drone  
  27  2:44  Hatchery  
  26  2:54  Drone  
  26  2:55  Drone x3  
  26  2:57  Drone  
  31  3:00  Drone  
  32  3:09  Lair  
  32  3:25  Roach Warren  
  31  3:32  Extractor  
  31  3:35  Spore Crawler, Extractor  
  31  3:36  Extractor  
  31  3:38  Spore Crawler  
  31  3:39  Drone  
  31  3:40  Drone x7  
  35  3:54  Overlord  
  35  3:55  Queen  
  37  4:23  Queen  
  39  4:26  Drone  
  39  4:27  Drone x8  
  48  4:36  Spore Crawler  
  48  4:38  Hydralisk Den  
  46  4:43  Overlord  
  46  5:03  Drone  
  46  5:04  Drone x3  
  50  5:12  Muscular Augments  
  50  5:20  Overseer  
  50  5:28  Overlord x2  
  50  5:48  Drone x16  
  50  5:49  Overlord  
  66  6:03  Extractor  
  65  6:04  Extractor  
  64  6:17  Spire  
  63  6:30  Hatchery  
  62  6:58  Overlord x2  
  62  6:59  Overlord x6  
  62  7:35  Mutalisk  
  62  7:36  Mutalisk x17  
  98  7:48  Drone  
  98  7:49  Drone x10  
  98  7:50  Queen  
  111  8:03  Overseer  
  111  8:21  Infestation Pit  
  111  8:24  Mutalisk  
  111  8:25  Mutalisk x5  
Show
View Real Time Build Order
Export as new Build Order

NeVeRmInDeR Protoss 

Build Orders: 1 Gate Expand, Colossus Rush 

Get SALT Encoding   

  1  0:00  Probe  
  12  0:05  Probe  
  14  0:15  Probe  
  15  0:27  Pylon  
  15  0:45  Probe  
  15  0:46  Gateway  
  16  0:57  Probe  
  17  1:06  Assimilator  
  17  1:09  Probe  
  18  1:24  Nexus  
  18  1:30  Probe  
  19  1:37  Cybernetics Core  
  19  1:44  Probe  
  20  1:50  Assimilator  
  20  1:55  Probe  
  21  2:03  Probe  
  21  2:07  Pylon  
  22  2:11  Probe  
  23  2:22  Adept  
  23  2:25  Probe  
  26  2:32  Stargate  
  26  2:36  Probe  
  27  2:37  Probe  
  27  2:42  Warp Gate  
  27  2:43  Assimilator  
  28  2:48  Assimilator  
  28  2:49  Probe x2  
  29  2:57  Probe  
  29  2:58  Shield Battery  
  30  3:04  Probe  
  32  3:09  Pylon  
  32  3:16  Probe  
  32  3:17  Adept  
  32  3:19  Probe  
  36  3:27  Probe  
  36  3:28  Probe  
  38  3:36  Probe  
  38  3:38  Void Ray  
  43  3:42  Probe  
  44  3:52  Probe  
  44  3:54  Probe  
  46  3:57  Robotics Facility  
  46  4:01  Pylon  
  46  4:06  Probe x2  
  48  4:14  Probe  
  48  4:18  Probe  
  50  4:30  Probe  
  51  4:35  Void Ray  
  51  4:36  Protoss Air Weapons Level 1  
  55  4:41  Pylon  
  55  4:46  Nexus  
  55  4:47  Probe  
  55  4:50  Observer  
  57  4:54  Probe  
  57  4:56  Robotics Facility  
  58  5:03  Robotics Bay  
  58  5:04  Probe  
  58  5:06  Probe  
  60  5:08  Pylon  
  60  5:14  Forge  
  60  5:19  Gateway  
  60  5:24  Pylon  
  60  5:27  Probe x2  
  62  5:29  Observer  
  63  5:39  Probe  
  63  5:40  Probe  
  63  5:41  Pylon  
  65  5:44  Pylon  
  65  5:51  Extended Thermal Lance, Probe  
  65  5:53  Colossus  
  72  6:06  Colossus  
  78  6:31  Probe x3  
  81  6:39  Photon Cannon  
  81  6:43  Probe x3  
  84  6:47  Assimilator  
  84  6:49  Assimilator  
  84  6:51  Photon Cannon  
  84  6:53  Shield Battery  
  84  6:55  Probe x3, Shield Battery  
  84  6:57  Pylon  
  84  7:00  Observer  
  88  7:05  Colossus  
  88  7:07  Probe x3  
  97  7:19  Probe x3  
  97  7:20  Colossus  
  106  7:30  Gateway x2  
  106  7:31  Probe x2  
  106  7:32  Probe  
  106  7:33  Stargate  
  106  7:34  Stargate  
  109  7:37  Fleet Beacon  
  109  7:40  Gravitic Boosters  
  109  7:43  Probe  
  109  7:44  Probe  
  111  7:46  Photon Cannon  
  111  7:50  Shield Battery  
  111  7:52  Probe, Shield Battery  
  111  7:55  Probe  
  111  7:56  Probe  
  114  8:05  Probe  
  115  8:15  Photon Cannon  
  115  8:17  Probe  
  116  8:23  Nexus  
  116  8:26  Pylon  
  116  8:27  Twilight Council  
  116  8:28  Pylon  
  116  8:29  Probe  
  117  8:37  Nexus  
Tags
 
Add a new tag
Caveats
  • Supply blocks, unpowered buildings, or Contaminate may cause inaccurate times.
  • Supply counts are checked every 10 seconds.